Unix NetHack Version 5.0.0-0 post-release - last build May 10 2026 23:12:36 (d1fa5d53e341ca933230fdaa984d921c805b60aa,branch:main).

Game began 2026-05-16 06:38:14, ended 2026-05-16 07:35:48.

ArrBianca, neutral female human Priestess

                          --  --
                        ---.--.-
                        |.......
                         ......
                         .(....|
                         -.....--
                        --.....>---
                        -...h.....--
                        ...%.......--
                          -.........-----    |
                          |.<...G............|
                          --@...---  .-   ...|
                          |.....|            |
                          |..--.|
                          |.--  |
                          --

ArrBianca the Acolyte        St:11 Dx:12 Co:13 In:10 Wi:17 Ch:12  Neutral
Dlvl:4  $:32 HP:0(25) Pw:46(46) AC:6  Xp:3 T:978 

Latest messages:
 You finish your dressing maneuver.
 Loot in what direction? l
 Never mind.
 Loot in what direction? l
 Never mind.
 You kill the jackal!
 What do you want to drop? [$a-nq-tv-x or ?*] ?
 You drop a +0 iron skull cap.
 The newt bites!
 The newt bites!
 You kill the newt!
 y - a newt corpse.
 What do you want to eat? [efnty or ?*] y
 This newt corpse is stringy.
 You finish eating the newt corpse.
 z - a food ration.
 You hear someone cursing shoplifters.
 $ - 6 gold pieces (32 in total).
 A - a cursed scroll labeled NR 9.
 You kill the acid blob!
 You are splashed by the acid blob's acid!
 z - a food ration (2 in total).
 You see here a cursed ring mail.
 The door opens.
 The grid bug bites!
 You avoid harm.
 You miss the grid bug.
 The grid bug bites!
 You get zapped!
 You kill the grid bug!
 That door is closed.
 The door opens.
 You hear bubbling water.
 Where do you want to travel to?
 (For instructions type a '?')
 You descend the stairs.
 The gnome drinks a murky potion!
 The gnome seems more experienced.
 You kill the gnome!
 The dwarf zaps a forked wand!
 The wand misses you.
 The dwarf zaps a forked wand!
 The wand hits you!
 The wand hits the gnome!
 The gnome is killed!
 You see here a gnome corpse.
 The dwarf zaps a wand of striking!
 The wand hits you!
 You die...
 Do you want an account of creatures vanquished? [ynaq] (y) q

Inventory:
 Coins    ('$')
  $ - 32 gold pieces
 Weapons  (')')
  w - 13 +0 darts
  a - a blessed +1 mace (weapon in right hand)
 Armor    ('[')
  x - a +0 helm of brilliance (being worn)
  c - a +0 small shield (being worn)
  b - a +0 robe (being worn)
 Comestibles  ('%')
  e - a clove of garlic
  t - a cram ration
  z - 2 food rations
  f - a sprig of wolfsbane
  n - a lichen corpse
 Scrolls  ('?')
  A - a cursed scroll of enchant weapon
 Spellbooks  ('+')
  h - a spellbook of cure sickness
  g - a spellbook of light
  r - a spellbook of slow monster
 Potions  ('!')
  j - a potion of healing
  i - a potion of levitation
  d - 4 potions of holy water
  v - a potion of water
 Rings    ('=')
  q - a ring of shock resistance
 Wands    ('/')
  s - a wand of magic missile (0:4)
 Gems/Stones  ('*')
  l - a worthless piece of orange glass
  m - 10 rocks

ArrBianca the Priestess's attributes:

Background:
 You were an Acolyte, a level 3 human Priestess.
 You were neutral, on a mission for Camaxtli
 who was opposed by Quetzalcoatl (lawful) and Huhetotl (chaotic).
 You were right-handed.
 You were in the Gnomish Mines, on level 4.
 You entered the dungeon 978 turns ago.
 There was a new moon in effect when your adventure ended.
 You had 65 experience points, 15 more were needed to attain level 4.

Basics:
 You had 0 out of 25 hit points.
 You had all 46 energy points (spell power).
 Your armor class was 6.
 Your wallet contained 32 zorkmids.
 Autopickup was on for '$?!/="+%' plus thrown, with exceptions.

Final Characteristics:
 Your strength was 11 (limit:18/100).
 Your dexterity was 12 (limit:18).
 Your constitution was 13 (limit:18).
 Your intelligence was 10 (limit:18).
 Your wisdom was 17 (limit:18).
 Your charisma was 12 (limit:18).

Final Status:
 You weren't hungry.
 You were unencumbered.
 You were wielding a mace.
 You had basic skill with mace.

Final Attributes:
 You were devoutly aligned.
 You were guarded.
 Your spell casting was enhanced by wearing a robe.
 You are dead.

Miscellaneous:
 You didn't encounter any bones levels.
 Total elapsed playing time was 33 minutes and 8 seconds.

Major events:
 Turn
    1: ArrBianca the neutral human Priestess entered the dungeon
  694: attained the rank of Acolyte (level 3)
  974: entered the Gnomish Mines
  978: killed by a wand

Spells:
 Name                 Level Category     Fail Retention
 light                  1   clerical       0%  91%-100%
 cure sickness          3   healing       81%  76%-100%
 slow monster           2   enchantment   42%  76%-100%

Skills:
 Fighting Skills
   bare handed combat [Unskilled]
 Weapon Skills
   club               [Unskilled]
   mace               [Basic]
   morning star       [Unskilled]
   flail              [Unskilled]
   hammer             [Unskilled]
   quarterstaff       [Unskilled]
   polearms           [Unskilled]
   spear              [Unskilled]
   trident            [Unskilled]
   lance              [Unskilled]
   bow                [Unskilled]
   sling              [Unskilled]
   crossbow           [Unskilled]
   dart               [Unskilled]
   shuriken           [Unskilled]
   boomerang          [Unskilled]
   unicorn horn       [Unskilled]
 Spellcasting Skills
   healing spells     [Unskilled]
   divination spells  [Unskilled]
   clerical spells    [Basic]

Voluntary challenges:
 Character rerolling was not enabled.
 You were an atheist.
 You never had a pet.
 You never genocided any monsters.
 You never polymorphed an object.
 You never changed form.
 You used no wishes.
Achievements:
 You entered a shop.
 You attained the rank of Acolyte.
 You entered the Gnomish Mines.

 The Dungeons of Doom: levels 1 to 3
    Level 1:
    Level 2:
       An armor shop, a fountain, a grave.
    Level 3:
       Stairs down to The Gnomish Mines.
 The Gnomish Mines:
    Level 4: <- You were here.
       Final resting place for
          you, killed by a wand.


Vanquished creatures:
  a shrieker
 an acid blob
  2 gnomes
  5 jackals
  a fox
  a kobold
  a goblin
  a sewer rat
  5 grid bugs
  a bat
  3 lichens
  a kobold zombie
  3 newts
26 creatures vanquished.

No species were genocided or became extinct.

Game over:
                       ----------
                      /          \
                     /    REST    \
                    /      IN      \
                   /     PEACE      \
                  /                  \
                  |    ArrBianca     |
                  |      32 Au       |
                  | killed by a wand |
                  |                  |
                  |                  |
                  |                  |
                  |       2026       |
                 *|     *  *  *      | *
        _________)/\\_//(\/(/\)/\//\/|_)_______

Goodbye ArrBianca the Priestess...

You died in The Gnomish Mines on dungeon level 4 with 449 points,
and 32 pieces of gold, after 978 moves.
You were level 3 with a maximum of 25 hit points when you died.

